 Dungeon Crawl Stone Soup version 0.18.1-2-ga659475 (webtiles) character file.

103 manyhoops the Slasher (level 4, -1/35 HPs)
             Began as a Demonspawn Gladiator on May 8, 2016.
             Slain by a crocodile (16 damage)
             ... in a sewer.
             The game lasted 00:02:44 (2342 turns).

manyhoops the Slasher (Demonspawn Gladiator)        Turns: 2342, Time: 00:02:45

Health: -1/35      AC: 11    Str: 17    XL:     4   Next: 51%
Magic:  4/4        EV: 11    Int:  9    God:
Gold:   179        SH:  0    Dex: 13    Spells: 0 memorised, 3 levels left

rFire  . . .     SeeInvis .     a - +1 long sword
rCold  . . .     Gourm    .     n - +0 ring mail
rNeg   . . .     Faith    .     (no shield)
rPois  .         Spirit   .     c - +0 helmet
rElec  .         Dismiss  .     w - +0 cloak
rCorr  .         Reflect  .     (no gloves)
SustAt .         Harm     .     (no boots)
MR     .....                    (no amulet)
Stlth  +.........               (no ring)
                                j - ring of wizardry

@: flying, not resistant to hostile enchantments, very unstealthy
A: claws 1, iridescent scales 1
a: no special abilities


You were in a sewer.
You were not hungry.

You visited 1 branch of the dungeon, and saw 3 of its levels.
You also visited: Sewer.

You collected 179 gold pieces.

Inventory:

Hand Weapons
 a - a +1 long sword (weapon)
Missiles
 d - 3 throwing nets (quivered)
Armour
 b - a +0 leather armour
 c - a +0 helmet (worn)
 n - a +0 ring mail (worn)
 w - a +0 cloak (worn)
Jewellery
 j - a ring of wizardry (left claw)
Scrolls
 e - 4 scrolls of remove curse
 s - a scroll of identify {unknown}
 u - a scroll of fear {unknown}
 v - a scroll of enchant armour {unknown}
Potions
 h - a potion of magic {unknown}
 i - a potion of flight
 k - a potion of heal wounds {unknown}
 m - a potion of mutation {unknown}
 p - a potion of cancellation {unknown}
 r - a potion of curing {unknown}
Comestibles
 f - 2 bread rations
 g - 2 fruits
 l - a chunk of flesh
 t - 2 meat rations


   Skills:
 + Level 3.0 Fighting
 + Level 3.7 Long Blades
 - Level 1.7 Throwing
 + Level 1.9 Armour
 - Level 2.6 Dodging


You had 3 spell levels left.
You didn't know any spells.

Dungeon Overview and Level Annotations

Branches:
Dungeon (3/15)

Altars:
Vehumet


Innate Abilities, Weirdness & Mutations

You have sharp fingernails.
You are partially covered in iridescent scales (AC +4).


Message History

A crocodile is nearby!
A crocodile is nearby!
A crocodile is nearby!
Sorry, you're not good enough to have a special ability.
Unknown command.
As you read the scroll labeled NANLUACUXU, it crumbles to dust.
You feel strangely unstable.
It was a scroll of teleportation.
Found a gate leading back out of this place.
Your surroundings seem slightly different.
Your ring mail prevents you from hitting the crocodile.
The crocodile bites you but does no damage.
You barely miss the crocodile. The crocodile closely misses you. x2
You barely miss the crocodile. The crocodile barely misses you.
You slash the crocodile!
The crocodile is moderately wounded.
The crocodile bites you!
It was a potion of flight.
You feel very buoyant.
You fly up into the air.
The crocodile bites you!
You die...

.
....###############
......t@........∩.!
....####.##########
. #.# #.# #.# #.#
#.# ##.## ##...##


You could see a crocodile.

Vanquished Creatures
  Jessica (D:2)
  3 adders
  A worm (D:2)
  2 dart slugs
  A giant gecko (D:1)
  An orc (D:3)
  3 ball pythons
  A giant cockroach (D:2)
  4 goblins
  8 hobgoblins
  2 quokkas (D:2)
  11 bats
  2 giant newts
  A kobold (D:1)
  A rat (D:1)
42 creatures vanquished.

Notes
Turn   | Place    | Note
--------------------------------------------------------------
     0 | D:1      | manyhoops the Demonspawn Gladiator began the quest for the Orb.
     0 | D:1      | Reached XP level 1. HP: 16/16 MP: 1/1
   497 | D:1      | Gained mutation: You have sharp fingernails. [demonic ancestry]
   497 | D:1      | Reached XP level 2. HP: 22/22 MP: 2/2
  1246 | D:2      | Found a radiant altar of Vehumet.
  1282 | D:2      | Reached XP level 3. HP: 12/28 MP: 3/3
  1529 | D:2      | Reached skill level 1 in Armour
  1933 | D:2      | Noticed Jessica
  1942 | D:2      | Killed Jessica
  1942 | D:2      | Gained mutation: You are partially covered in iridescent scales (AC +4). [demonic ancestry]
  1942 | D:2      | Reached XP level 4. HP: 28/34 MP: 4/4
  2293 | D:3      | Found a glowing drain.
  2302 | Sewer    | Entered a sewer
  2332 | Sewer    | Noticed a crocodile
  2342 | Sewer    | Slain by a crocodile

Skill      XL: |  1  2  3  4 |
---------------+-------------+-----
Long Blades    | 3 |  3.7
Armour         | 1 |  1.9
Fighting       | 3 |  3.0
Throwing       | |  1.7
Dodging        | |  2.6

Action                   |  1- 3 |  4- 6 || total
-------------------------+-------+-------++-------
Melee: Long sword        |   119 |    38 ||   157
  Use: Scroll            |     1 |     3 ||     4
       Potion            |       |     1 ||     1
  Eat: Chunk             |     3 |       ||     3
       Meat ration       |       |     1 ||     1
Armor: Leather armour    |    15 |       ||    15
       Ring mail         |    45 |    28 ||    73
Dodge: Dodged            |    80 |    33 ||   113
